Unix NetHack Version 3.7.0-62 Work-in-progress - last build Sep 4 2022 05:15:49 (19f23e9df9cc3a1919452eed5d8f743ebdc3eec5,branch:master). Game began 2022-09-07 19:27:10, ended 2022-09-07 19:32:42. Gandelf, neutral male human Monk ---- |..---------- |...........-- --|.^-----..-..------- |<|.- ....GG@.| ....| ....--G.. ... ..---.. Gandelf the Candidate St:18 Dx:13 Co:13 In:11 Wi:10 Ch:10 Neutral S:296 Dlvl:4 $:42 HP:0(18) Pw:11(11) AC:3 Xp:2/26 T:861 Latest messages: You find a hidden door. That door is closed. The door opens. You see here a slime mold. u - a slime mold. The door opens. You hear someone cursing shoplifters. This door is locked. This door is locked. This door is locked. This door is locked. This door is locked. This door is locked. This door is locked. In what direction? j Whammm!! This door is locked. In what direction? j As you kick the door, it crashes open! You swap places with your little dog. You kill the lichen! You feel tired. You descend the stairs. You swap places with your little dog. You see here a pick-axe. You see here a pick-axe. v - a pick-axe. A gush of water hits the little dog's right foreleg! You swap places with your little dog. You are beginning to feel weak. You kill the gnome! What do you want to eat? [f-inru or ?*] ? This cram ration is bland. You finish eating the cram ration. You swap places with your little dog. w - a partly used candle (lit). x - a blue gem. y - a green gem. The dwarf throws a dagger! The dagger hits the little dog. The little dog is killed! The dwarf hits! You kill the dwarf! Welcome to experience level 2. z - a tripe ration. The gnomish wizard casts a spell at you! Your brain is on fire! The gnome lord hits! You die... Do you want your possessions identified? [ynq] (y) q Inventory: Coins $ - 42 gold pieces Weapons j - a +0 javelin p - a +0 knife Armor a - an uncursed +2 pair of leather gloves (being worn) q - an uncursed +0 pair of low boots (being worn) b - an uncursed +1 robe (being worn) Comestibles u - an uncursed slime mold g - 7 uncursed apples f - 3 uncursed food rations i - 3 uncursed fortune cookies h - 6 uncursed oranges z - an uncursed tripe ration n - an uncursed lichen corpse Scrolls k - an uncursed scroll of confuse monster d - an uncursed scroll of identify o - a blessed scroll of remove curse Spellbooks c - a blessed spellbook of protection Potions m - a potion of holy water e - 3 uncursed potions of water Tools s - an uncursed mirror v - a +0 pick-axe w - a blessed partly used tallow candle (lit) Gems/Stones y - an uncursed emerald x - an uncursed worthless piece of blue glass Gandelf the Monk's attributes: Background: You were a Candidate, a level 2 male human Monk. You were neutral, on a mission for Chih Sung-tzu who was opposed by Shan Lai Ching (lawful) and Huan Ti (chaotic). You were in the Gnomish Mines, on level 4. You entered the dungeon 861 turns ago. You had 26 experience points, 14 more were needed to attain level 3. Your score was 296 before end-of-game adjustments. Basics: You had 0 out of 18 hit points. You had all 11 energy points (spell power). Your armor class was 3. Your wallet contained 42 zorkmids. Autopickup was off. Final Characteristics: Your strength was 18 (limit:18/100). Your dexterity was 13 (limit:18). Your constitution was 13 (limit:18). Your intelligence was 11 (limit:18). Your wisdom was 10 (limit:18). Your charisma was 10 (limit:18). Final Status: You were not hungry. You were unencumbered. You were empty handed. You had basic skill with martial arts. Final Attributes: You were devoutly aligned. You were sleep resistant. You saw invisible. You were guarded. You were fast. You are dead. Miscellaneous: You never encountered a bones level. Total elapsed playing time was 5 minutes and 32 seconds. Major events: Turn 1: Gandelf the neutral male human Monk entered the dungeon 834: entered the Gnomish Mines 861: killed by a gnome lord Vanquished creatures: a little dog a dwarf 2 gnomes a jackal 2 lichens 7 creatures vanquished. No species were genocided or became extinct. Voluntary challenges: You followed a strict vegan diet. You were an atheist. You never hit with a wielded weapon. You were illiterate. You never engraved Elbereth. You never genocided any monsters. You never polymorphed an object. You never changed form. You used no wishes. Achievements: You entered a shop. You entered the Gnomish Mines. The Dungeons of Doom: levels 1 to 4 Level 1: A fountain. Level 2: A sink. Level 3: A general store, a fountain. Stairs down to The Gnomish Mines. Level 4: A fountain. The Gnomish Mines: Level 4: <- You were here. Final resting place for you, killed by a gnome lord. Game over: ---------- / \ / REST \ / IN \ / PEACE \ / \ | Gandelf | | 42 Au | | killed by a | | gnome lord | | | | | | 2022 | *| * * * | * _________)/\\_//(\/(/\)/\//\/|_)_______ Goodbye Gandelf the Monk... You died in The Gnomish Mines on dungeon level 4 with 292 points, and 42 pieces of gold, after 861 moves. You were level 2 with a maximum of 18 hit points when you died.